 Dungeon Crawl Stone Soup version 0.30-a0-715-gdb4ae3ece1 (webtiles) character file.

Game seed: 8260941481696538635

47527 hikkokomori the Fighter (level 14, 0/113 HPs)
             Began as a Mummy Gladiator on Jan 24, 2023.
             Was a High Priest of Okawaru.
             Slain by a sixfirhy (4 damage)
             ... summoned by an orc high priest
             ... on level 2 of the Orcish Mines on Jan 25, 2023.
             The game lasted 01:24:34 (26146 turns).

hikkokomori the Fighter (Mummy Gladiator)          Turns: 26146, Time: 01:24:34

Health: 0/113      AC:  8    Str: 28    XL:     14   Next: 8%
Magic:  22/22      EV: 16    Int: 13    God:    Okawaru [*****.]
Gold:   1545       SH: 12    Dex: 16    Spells: 14/23 levels left

rFire   + . .      SeeInvis +    F - +2 spear (heavy)
rCold   . . .      Faith    +    f - +0 buckler
rNeg    + + +      Spirit   .    J - +3 scale mail of Conscience {Harm rElec Str+7}
rPois   ∞          Reflect  +    c - +0 helmet
rElec   +          Harm     +    n - scarf {repulsion}
rCorr   .          Rampage  .    q - +0 pair of gloves
Will    ++...                    (no boots)
Stlth   ++                       h - amulet "Toleduewn" {Reflect rElec rF+ Int+4 SH+5}
HPRegen 0.38/turn                t - ring of fire
MPRegen 0.18/turn                b - ring "Guv Mefioho" {Will+ Dex+3 SInv Stlth-}

@: heroic, corroded, repel missiles
A: cold resistance 1, negative energy resistance 3, torment resistance 2, heat
vulnerability 1, in touch with death 2, no potions, faith
a: Renounce Religion, Heroism, Finesse, Duel


You were on level 2 of the Orcish Mines.
You worshipped Okawaru.
Okawaru was extremely pleased with you.
You visited 4 branches of the dungeon, and saw 21 of its levels.
You also visited: Bailey, Gauntlet and Volcano.

You collected 1749 gold pieces.
You spent 204 gold pieces at shops.

Inventory:

Hand Weapons
 a - a +1 double sword of freezing
 k - a +0 dagger of venom
 r - a +0 quick blade of flaming
 B - a +2 scimitar of flaming
 F - a +2 heavy spear (weapon)
 I - a +3 eveningstar of draining
 K - a +1 glaive of flaming
 L - a +1 shortbow of flaming
Missiles
 d - 5 atropa-tipped darts
 e - 48 poisoned darts
 x - 14 javelins (quivered)
 P - 2 throwing nets
Armour
 c - a +0 helmet (worn)
 f - a +0 buckler (worn)
 n - a scarf of repulsion (worn)
 q - a +0 pair of gloves (worn)
 u - the +3 ring mail "Codigu Boel" {rElec Str-4 Stlth+}
   (You found it on level 4 of the Dungeon)

   Str:       It affects your strength (-4).
   rElec:     It insulates you from electricity.
   Stlth:     It makes you more stealthy.
 v - a +3 leather armour of fire resistance
 w - a +2 leather armour of cold resistance
 C - the +5 ring mail of Huuxt {Rampage rPois}
   (You found it on level 8 of the Dungeon)

   rPois:     It protects you from poison.
   Rampage:   It bestows one free step when moving towards enemies.
 D - the +1 scale mail of Hepliaklqana's Whim {Will+ Regen+ rCorr}
   (You found it in a Gauntlet)

   Regen:     It increases your rate of health regeneration.
   rCorr:     It protects you from acid and corrosion.
   Will:      It increases your willpower.
 J - the +3 scale mail of Conscience (worn) {Harm rElec Str+7}
   (Okawaru gifted it to you on level 5 of the Lair of Beasts)

   Str:       It affects your strength (+7).
   rElec:     It insulates you from electricity.
   Harm:      It increases damage dealt and taken.
Jewellery
 b - the ring "Guv Mefioho" (right hand) {Will+ Dex+3 SInv Stlth-}
   (You found it on level 3 of the Lair of Beasts)

   [ring of see invisible]

   Dex:       It affects your dexterity (+3).
   SInv:      It lets you see invisible.
   Will:      It increases your willpower.
   Stlth:     It makes you less stealthy.
 g - the ring "Gaira" {Will+ SInv}
   (You found it in a Gauntlet)

   [ring of see invisible]

   SInv:      It lets you see invisible.
   Will:      It increases your willpower.
 h - the amulet "Toleduewn" (around neck) {Reflect rElec rF+ Int+4 SH+5}
   (You acquired it on level 5 of the Dungeon)

   [amulet of reflection]

   It reflects blocked missile attacks.
   Int:       It affects your intelligence (+4).
   rF:        It protects you from fire.
   rElec:     It insulates you from electricity.
   SH:        It affects your SH (+5).
 o - an amulet of guardian spirit
 t - a ring of fire (left hand)
 y - a +6 ring of dexterity
 E - a +4 ring of slaying
 H - an amulet of magic regeneration
 M - a ring of wizardry
Wands
 m - a wand of paralysis (11)
 A - a wand of flame (7)
 N - a wand of roots (2)
 Q - a wand of mindburst (6)
 R - a wand of quicksilver (4)
Scrolls
 i - 11 scrolls of identify
 j - 3 scrolls of immolation
 l - 2 scrolls of teleportation
 s - a scroll of enchant weapon
 z - 2 scrolls of fog
 G - a scroll of amnesia
 O - 2 scrolls of magic mapping


   Skills:
 - Level 11.4(16.4) Fighting
 + Level 10.8(15.8) Polearms
 - Level 4.6(9.6) Throwing
 - Level 6.7(11.7) Dodging
 - Level 5.7(10.7) Stealth
 - Level 5.6(10.6) Shields
 + Level 5.4 Spellcasting
 + Level 4.6 Necromancy
 + Level 9.0 Invocations
 - Level 5.0 Evocations


You had 14 spell levels left.
You knew the following spells:

 Your Spells              Type           Power      Damage    Failure   Level
a - Sandblast             Erth           6%         2d5       41%         1
b - Iskenderun's Mystic   Conj/Tloc      3%         2d3       99%         4
c - Anguish               Hex/Necr       10%        N/A       86%         4

Your spell library contained the following spells:

 Spells                   Type           Power      Damage    Failure   Level
 Vampiric Draining        Necr           35%        2d8       21%         3
 Cigotuvi's Dreadful Rot  Necr/Pois/Air  34%        N/A       34%         2
 Slow                     Hex            12%        N/A       41%         1
 Blink                    Tloc           6%         N/A       56%         2
 Ensorcelled Hibernation  Hex/Ice        6%         N/A       56%         2
 Lesser Beckoning         Tloc           6%         N/A       56%         2
 Momentum Strike          Conj/Tloc      6%         3d8       56%         2
 Passwall                 Tmut/Erth      2%         N/A       56%         2
 Poisonous Vapours        Pois/Air       6%         N/A       56%         2
 Confusing Touch          Hex            3%         N/A       80%         3
 Dazzling Flash           Conj/Hex       6%         N/A       80%         3
 Inner Flame              Hex/Fire       5%         N/A       80%         3
 Mephitic Cloud           Conj/Pois/Air  3%         N/A       80%         3
 Stone Arrow              Conj/Erth      6%         3d7       80%         3
 Cause Fear               Hex            1%         N/A       99%         4
 Borgnjor's Vile Clutch   Necr/Erth      10%        N/A       99%         5
 Alistair's Intoxication  Tmut/Pois      2%         N/A       100%        5
 Eringya's Noxious Bog    Tmut/Pois      1%         N/A       100%        6
 Starburst                Conj/Fire      2%         6d3       100%        6
 Discord                  Hex            1%         N/A       100%        8
 Summon Small Mammal      Summ           Unusable   N/A       N/A         1
 Call Canine Familiar     Summ           Unusable   N/A       N/A         3
 Spider Form              Tmut/Pois      Unusable   N/A       N/A         3
 Summon Guardian Golem    Hex/Summ       Unusable   N/A       N/A         3

Dungeon Overview and Level Annotations

Branches:
Dungeon (13/15)            Temple (1/1) D:7            Lair (5/5) D:8
  Swamp (0/4) Lair:3        Snake (0/4) Lair:2        Slime (0/5) Lair:4
    Orc (2/2) D:11            Elf (0/3) Orc:2        Bailey (visited)
Volcano (visited)         Gauntlet (visited)
 Vaults: D:13-14

Altars:
Ashenzari
Cheibriados
Dithmenos
Gozag
Hepliaklqana
Kikubaaqudgha
Makhleb
Nemelex Xobeh
Okawaru
Qazlal
Ru
Sif Muna
Trog
Uskayaw
Vehumet
Wu Jian
Xom
Yredelemnul
Jiyva

Shops:
D:1 !   D:2 :   D:12 [   Orc:2 [[

Annotations:
Temple 2 transporters
Lair:2 Harold
Lair:5 Snorg


Innate Abilities, Weirdness & Mutations

You are immune to poison.
Your flesh is cold resistant. (rC+)
You are immune to negative energy. (rN+++)
You are immune to unholy pain and torment.
You are vulnerable to heat. (rF-)
You are strongly in touch with the powers of death.
You do not drink.
You have a special connection with the divine. (Faith)


Message History

Press: ? - help, v - describe, . - travel
Here: an orc high priest, wielding a +3 scimitar and wearing a +0 ring mail The floor.
Okay, then.
Okay, then.
Okay, then.
Aiming: Paralyse
Press: ? - help, Shift-Dir - straight line, f - sixfirhy, p - orc high priest
Aim: a sixfirhy (summoned, chance to affect: 27%)
Okay, then.
You hit the warg.
The warg is lightly wounded.
You carefully extract the barbed spikes from your body.
You block the warg's attack.
You puncture the warg!
The warg is severely wounded.
The smoke demon gestures at you. The ball of steam hits you. You resist.
* * * LOW HITPOINT WARNING * * *
The sixfirhy misses you. The warg misses you.
You puncture the warg!
You kill the warg!
Okawaru accepts your kill.
The sixfirhy is engulfed in a cloud of scalding steam.
The sixfirhy closely misses you.
The sixfirhy is engulfed in a cloud of scalding steam.
You block the sixfirhy's attack.
The orc high priest is engulfed in a cloud of scalding steam.
The sixfirhy is engulfed in a cloud of scalding steam.
The sixfirhy hits you!
* * * LOW HITPOINT WARNING * * *
The sixfirhy shocks you. You resist.
* * * LOW HITPOINT WARNING * * *
You closely miss the orc high priest.
The orc high priest is lightly wounded.
The sixfirhy is engulfed in a cloud of scalding steam.
The sixfirhy hits you.
* * * LOW HITPOINT WARNING * * *
The sixfirhy shocks you. You resist.
You die...

#.###'###..# ..
#..........##'## .......
#..⌠...⌠[....... .......
#..).......##'## .......
))..[......# .......
#.###.###..# ....... #.#
#.# #..# .......
#)###.###..######.......
................@o§.....
................3§§o....
)###.#####......§§3.....
..#....##........§......
.#..)...##.......§.§....
.........#..............
.#...#...........#......
.#.......#.....###...(.(
.......#.###..# ..#..


You could see an orc high priest, a sixfirhy (summoned), a smoke demon
(summoned) and an orc.

Vanquished Creatures
  A minotaur (Gauntlet)
  Erolcha (D:13)
  2 hydras
  2 boulder beetles
  2 centaur warriors (D:13)
  7 two-headed ogres
  A hell hog (Volcano)
  Urug (D:12)
  6 orc high priests (Orc:2)
  A skeletal warrior (D:12)
  Pikel (Lair:1)
  2 wizards (Gauntlet)
  2 orc knights
  3 cyclopes
  An orc sorcerer (Orc:1)
  2 ugly things
  A manticore (D:13)
  The ghost of Darius099 the Shield-Bearer, a novice GrFi of Okawaru (D:5)
  2 black mambas (Lair:2)
  4 elephants
  A rust devil (Gauntlet)
  Maurice (D:8)
  A black mamba (shapeshifter) (D:13)
  A gargoyle (D:10)
  5 cane toads
  A kobold demonologist (D:12)
  An unseen horror (D:10)
  An efreet (Gauntlet)
  3 komodo dragons
  A yaktaur (D:13)
  A rime drake (D:8)
  A tengu conjurer (D:12)
  The ghost of olddryhag the Ruffian, an amateur DrMo of Wu Jian (D:5)
  5 trolls
  A polar bear (Lair:1)
  A hornet (D:8)
  11 blink frogs
  2 tyrant leeches (Lair:3)
  Prince Ribbit (D:5)
  3 slime creatures (D:13)
  Eustachio (D:5)
  Sigmund (D:4)
  3 wraiths
  3 wyverns
  A ynoxinul (Gauntlet)
  13 yaks
  A basilisk (Lair:5)
  2 fire elementals (Gauntlet)
  A steam dragon (D:8)
  2 fire bats (Volcano)
  A vampire mosquito (D:13)
  Menkaure (D:6)
  A swamp worm (Lair:3)
  4 nagas
  3 wargs (Orc:2)
  An acid dragon (D:9)
  3 hell hounds
  26 water moccasins
  2 black bears
  7 ice beasts
  12 orc warriors
  A sky beast (D:7)
  5 ogres
  11 wolves
  4 centaurs
  A phantom (D:6)
  3 kobold brigands
  2 necrophages
  6 bullfrogs
  A gnoll sergeant (Orc:2)
  2 scorpions
  5 wights (D:8)
  6 killer bees (D:9)
  2 electric eels (Lair:4)
  2 hounds (D:7)
  43 orc priests
  4 jellies
  3 iron imps (Gauntlet)
  4 iguanas
  17 orc wizards
  12 gnolls
  18 adders
  A shadow imp (Gauntlet)
  4 white imps
  An ufetubus (D:5)
  4 dart slugs
  2 worms (D:2)
  118 orcs
  5 ball pythons
  6 endoplasms
  3 giant cockroaches
  11 goblins
  8 hobgoblins
  8 jackals
  3 quokkas
  2 bats
  2 frilled lizards
  17 kobolds
  7 rats
529 creatures vanquished.

Vanquished Creatures (others)
  2 two-headed ogres (Volcano)
  An orc wizard (D:10)
  An orc (Orc:1)
  3 demonic plants (Gauntlet)
  31 fungi
  35 plants
  27 withered plants
100 creatures vanquished.

Grand Total: 629 creatures vanquished

Notes
Turn   | Place    | Note
-------+----------+-------------------------------------------
     0 | D:1      | hikkokomori the Mummy Gladiator began the quest for the
                  | Orb.
     0 | D:1      | Reached XP level 1. HP: 16/16 MP: 1/1
    87 | D:1      | Found Ohobeusch's Distillery.
   164 | D:1      | Reached XP level 2. HP: 16/22 MP: 2/2
   455 | D:1      | Found a faded altar of an unknown god.
   801 | D:2      | Gained mutation: You are in touch with the powers of death.
                  | [Mummy growth]
   801 | D:2      | Reached XP level 3. HP: 25/28 MP: 3/3
   823 | D:2      | Reached skill level 1 in Shields
   880 | D:2      | Found Podagops's Book Shop.
  1103 | D:2      | Reached XP level 4. HP: 15/34 MP: 4/4
  1680 | D:3      | Noticed a black bear
  1697 | D:3      | Killed a black bear
  1698 | D:3      | Reached skill level 3 in Fighting
  1698 | D:3      | Reached skill level 1 in Stealth
  1698 | D:3      | Reached XP level 5. HP: 13/41 MP: 1/5
  2135 | D:3      | Found an opulent altar of Gozag.
  2135 | D:3      | Found a hide-covered altar of Uskayaw.
  2263 | D:4      | Identified the +3 ring mail "Codigu Boel" {rElec Str-4
                  | Stlth+}
  2350 | D:4      | Reached XP level 6. HP: 30/47 MP: 3/6
  2803 | D:4      | Noticed Sigmund
  2813 | D:4      | Killed Sigmund
  2814 | D:4      | Reached skill level 4 in Fighting
  3006 | D:5      | Entered Level 5 of the Dungeon
  3011 | D:5      | Identified a scroll of acquirement
  3012 | D:5      | Acquired the amulet "Toleduewn" {Reflect rElec rF+ Int+4
                  | SH+5}
  3060 | D:5      | Noticed an ice beast
  3086 | D:5      | Killed an ice beast
  3087 | D:5      | Reached XP level 7. HP: 50/54 MP: 7/7
  3113 | D:5      | Found a runed translucent gate.
  3114 | D:5      | Found a runed translucent gate.
  3115 | D:5      | Found a runed translucent gate.
  3117 | D:5      | Noticed Darius099's ghost (novice GrFi)
  3119 | D:5      | Noticed olddryhag's ghost (amateur DrMo)
  4069 | D:6      | Reached skill level 5 in Fighting
  4069 | D:6      | Reached XP level 8. HP: 61/62 MP: 8/8
  4136 | D:6      | Noticed Prince Ribbit
  4139 | D:6      | Noticed Eustachio
  4468 | D:5      | Killed Prince Ribbit
  4906 | D:5      | Killed Eustachio
  4907 | D:5      | Reached skill level 5 in Polearms
  5583 | D:6      | Found a sacrificial altar of Ru.
  5620 | D:6      | Noticed Menkaure
  5621 | D:6      | Found a radiant altar of Vehumet.
  5625 | D:6      | Killed Menkaure
  5626 | D:6      | Reached skill level 1 in Evocations
  5642 | D:6      | Reached skill level 6 in Fighting
  5797 | D:6      | Reached XP level 9. HP: 45/69 MP: 9/9
  6527 | D:7      | Found a staircase to the Ecumenical Temple.
  6553 | D:7      | Found a broken altar of Ashenzari.
  6582 | Temple   | Entered the Ecumenical Temple
  6582 | Temple   | Found a transporter.
  6582 | Temple   | Found a transporter.
  6584 | Temple   | Found a transporter.
  6584 | Temple   | Found a transporter.
  6611 | Temple   | Became a worshipper of Warmaster Okawaru
  6812 | D:7      | Reached skill level 5 in Stealth
  7105 | D:7      | Reached skill level 5 in Shields
  7765 | D:8      | Reached * piety under Okawaru
  7846 | D:8      | Noticed a rime drake
  7892 | D:8      | Killed a rime drake
  7892 | D:8      | Reached ** piety under Okawaru
  7893 | D:8      | Reached skill level 7 in Fighting
  8289 | D:8      | Found a staircase to the Lair.
  8312 | D:8      | Reached XP level 10. HP: 17/79 MP: 10/10
  8652 | D:8      | Identified the +5 ring mail of Huuxt {Rampage rPois}
  8712 | D:8      | Noticed Maurice
  8782 | D:8      | Paralysed by Maurice for 5 turns
  8801 | D:8      | Paralysed by something for 3 turns
  8809 | D:8      | Paralysed by something for 4 turns
  8816 | D:8      | Killed Maurice
  8817 | D:8      | Reached skill level 1 in Invocations
  8873 | D:8      | You fall into a shaft and drop 3 floors!
  8961 | D:11     | Noticed a boulder beetle
  9086 | D:11     | Noticed a cyclops
  9099 | D:11     | Killed a cyclops
  9099 | D:11     | Reached *** piety under Okawaru
  9196 | D:10     | Entered Level 10 of the Dungeon
  9461 | D:10     | Noticed a gargoyle
  9504 | D:10     | Killed a gargoyle
  9644 | D:10     | Found a flagged portal.
  9667 | Bailey   | Entered a bailey
  9937 | Bailey   | Noticed an orc knight
  9942 | Bailey   | Learned a level 1 spell: Sandblast
  9962 | Bailey   | Killed an orc knight
  9962 | Bailey   | Reached **** piety under Okawaru
  9963 | Bailey   | Reached skill level 8 in Fighting
 10359 | D:10     | Noticed a two-headed ogre
 10590 | D:10     | HP: 1/80 [something (7)]
 11325 | D:9      | Reached skill level 5 in Evocations
 11959 | D:8      | Noticed Pikel
 11970 | Lair:1   | Entered Level 1 of the Lair of Beasts
 11982 | Lair:1   | Killed Pikel
 11997 | D:8      | Reached XP level 11. HP: 87/87 MP: 11/13
 12187 | Lair:1   | Noticed a four-headed hydra
 12202 | Lair:1   | HP: 1/87 [four-headed hydra (9)]
 12205 | Lair:1   | Killed a four-headed hydra
 12205 | Lair:1   | Reached ***** piety under Okawaru
 12206 | Lair:1   | Reached skill level 9 in Fighting
 14148 | Lair:2   | Received a gift from Okawaru
 14355 | Lair:2   | Found a staircase to the Snake Pit.
 15014 | Lair:2   | Reached skill level 5 in Invocations
 15048 | Lair:2   | Reached skill level 10 in Fighting
 15641 | Lair:2   | Noticed Harold
 15731 | Lair:3   | Identified the ring "Guv Mefioho" {Will+ Dex+3 SInv Stlth-}
 15757 | Lair:3   | Found a gate leading to a gauntlet.
 15761 | Lair:3   | Found a staircase to the Swamp.
 15766 | Gauntlet | Entered a Gauntlet
 15766 | Gauntlet | Found a transporter.
 15766 | Gauntlet | Found a transporter.
 15770 | Gauntlet | Found a transporter.
 15771 | Gauntlet | Found a transporter.
 15775 | Gauntlet | Noticed a wizard
 15777 | Gauntlet | Noticed a wizard
 15788 | Gauntlet | Found a transporter.
 15798 | Gauntlet | Noticed a death scarab
 15798 | Gauntlet | Noticed a death scarab
 15835 | Gauntlet | Found a transporter.
 15861 | Gauntlet | Found a transporter.
 15871 | Gauntlet | Found a transporter.
 15881 | Gauntlet | Noticed a reaper
 15893 | Gauntlet | Found a transporter.
 15980 | Gauntlet | Found a transporter.
 15995 | Gauntlet | Found a transporter.
 16011 | Gauntlet | Found a transporter.
 16028 | Gauntlet | Found a transporter.
 16030 | Gauntlet | Found a large runed translucent door.
 16031 | Gauntlet | Found a large runed translucent door.
 16032 | Gauntlet | Found a large runed translucent door.
 16032 | Gauntlet | Found a large runed translucent door.
 16032 | Gauntlet | Found a runed translucent door.
 16032 | Gauntlet | Found a runed translucent door.
 16033 | Gauntlet | Found a large runed translucent door.
 16033 | Gauntlet | Found a large runed translucent door.
 16034 | Gauntlet | Found a large runed translucent door.
 16035 | Gauntlet | Found a large runed translucent door.
 16041 | Gauntlet | Found a large runed translucent door.
 16041 | Gauntlet | Found a large runed translucent door.
 16042 | Gauntlet | Found a large runed translucent door.
 16042 | Gauntlet | Found a large runed translucent door.
 16047 | Gauntlet | Found a large runed translucent door.
 16047 | Gauntlet | Found a large runed translucent door.
 16048 | Gauntlet | Found a runed translucent gate.
 16048 | Gauntlet | Found a runed translucent gate.
 16048 | Gauntlet | Found a runed translucent gate.
 16049 | Gauntlet | Noticed a wizard
 16050 | Gauntlet | Found a transporter.
 16050 | Gauntlet | Noticed a wizard
 16147 | Gauntlet | Found a transporter.
 16153 | Gauntlet | Found a large runed translucent door.
 16154 | Gauntlet | Found a large runed translucent door.
 16220 | Gauntlet | Reached XP level 12. HP: 96/97 MP: 14/16
 16332 | Gauntlet | Identified the +1 hand axe "Juapu" {holy, rCorr}
 16489 | Gauntlet | Received a gift from Okawaru
 16512 | Gauntlet | Identified the ring "Gaira" {Will+ SInv}
 16569 | Gauntlet | Noticed a minotaur
 16581 | Gauntlet | Killed a minotaur
 16582 | Gauntlet | Reached skill level 5 in Dodging
 16590 | Gauntlet | Identified the +1 scale mail of Hepliaklqana's Whim {Will+
                  | Regen+ rCorr}
 17061 | D:5      | Killed olddryhag's ghost
 17067 | D:5      | Killed Darius099's ghost
 17334 | Lair:4   | Found a viscous altar of Jiyva.
 17338 | Lair:4   | Found a staircase to the Slime Pits.
 18047 | Lair:4   | Reached skill level 11 in Fighting
 18361 | Lair:4   | Learned a level 4 spell: Iskenderun's Mystic Blast
 18375 | Lair:5   | Entered Level 5 of the Lair of Beasts
 18407 | Lair:5   | Noticed Snorg
 18525 | Lair:5   | Received a gift from Okawaru
 18766 | Lair:5   | Identified the +3 scale mail of Conscience {Harm rElec
                  | Str+7} (Okawaru gifted it to you on level 5 of the Lair of
                  | Beasts)
 18766 | Lair:5   | Received a gift from Okawaru
 18932 | Lair:5   | Found a dark tunnel.
 18937 | Volcano  | Entered a volcano
 19034 | Volcano  | Noticed a hell hog
 19039 | Volcano  | Killed a hell hog
 19205 | Volcano  | Noticed a two-headed ogre
 19205 | Volcano  | Noticed a two-headed ogre
 19205 | Volcano  | Noticed a two-headed ogre
 19205 | Volcano  | Noticed a two-headed ogre
 19212 | Volcano  | Killed a two-headed ogre
 19213 | Volcano  | Killed a two-headed ogre
 19214 | Volcano  | Gained mutation: You are strongly in touch with the powers
                  | of death. [Mummy growth]
 19214 | Volcano  | Reached XP level 13. HP: 65/106 MP: 15/18
 20837 | D:11     | Reached skill level 10 in Polearms
 21065 | D:11     | Identified the +0 mace of Kismet {heavy, *Rage rN++}
 21468 | D:11     | Found a staircase to the Orcish Mines.
 21513 | D:11     | Learned a level 4 spell: Anguish
 21717 | D:12     | Noticed Urug
 21734 | D:12     | Killed Urug
 21734 | D:12     | Received a gift from Okawaru
 21810 | D:12     | Found a shimmering altar of Xom.
 21823 | D:12     | Reached skill level 1 in Necromancy
 21827 | D:12     | Found a shimmering altar of Xom.
 21827 | D:12     | Found a shimmering altar of Xom.
 21828 | D:12     | Found a shimmering altar of Xom.
 21855 | D:12     | Reached skill level 1 in Spellcasting
 22526 | D:13     | Noticed Erolcha
 22537 | D:13     | Killed Erolcha
 22976 | D:13     | HP: 5/106 [skeletal warrior/+0 battleaxe (21)]
 23327 | D:12     | Found Kitwy's Armour Emporium.
 23342 | D:12     | Bought a scarf of repulsion for 204 gold pieces
 23984 | Orc:1    | Entered Level 1 of the Orcish Mines
 24759 | Orc:1    | Found a shimmering altar of Xom.
 25034 | Orc:2    | Entered Level 2 of the Orcish Mines
 25381 | Orc:2    | Found Luethrib's Antique Armour Shop.
 25428 | Orc:2    | Reached skill level 5 in Spellcasting
 25499 | Orc:2    | Found a staircase to the Elven Halls.
 25782 | Orc:2    | Found Duneigops's Antique Armour Emporium.
 25822 | Orc:2    | Reached XP level 14. HP: 78/113 MP: 18/21
 25935 | Orc:2    | Received a gift from Okawaru
 26145 | Orc:2    | HP: 5/113 [sixfirhy[an orc high priest] (3)]
 26146 | Orc:2    | Slain by a sixfirhy

Illustrated notes

Levels and vault maps discovered:
D:1:      saegor_arrival_fortress, layout_rooms, serial_shops, shop,
          shapermc_ecumenical_altar_mp_urbaneastern, minmay_unequal
D:2:      layout_rooms, serial_shops, shop_fountains, roderic_lattice_a
D:3:      layout_loops_cross, gammafunk_temple_overflow_statue
D:4:      layout_loops_ring, uniq_sigmund
D:5:      layout_basic, gammafunk_ghost_cemetery, kennysheep_generic_room_11
D:6:      layout_cave_pools, kennysheep_little_box, nicolae_vehumet_radiance,
          uniq_prince_ribbit1, uniq_eustachio, uniq_menkaure
D:7:      layout_loops_cross, mainiacjoe_overflow_small_starburst,
          minmay_temple_entry_poolview
D:8:      layout_basic, hellmonk_lair_entry_icy, uniq_pikel, uniq_maurice
D:9:      layout_roguey, serial_aquarium, aquarium_bridge_straight
          [aquarium_subvault_bridge, aquarium_subvault_window,
          aquarium_subvault_bridge, aquarium_subvault_balcony],
          aquarium_window_double, aquarium_window_corner, aquarium_view_2e,
          aquarium_view_2b, aquarium_pool_split, nrook_mini_vaults
D:10:     layout_cave_pods, enter_bailey_5, chequers_hall_statues_corner_a,
          kennysheep_small_square
D:11:     layout_roguey, david_orc_5
D:12:     layout_long_grid, serial_shops,
          nicolae_shop_competitors_out_of_business, xom_shifter_show, uniq_urug
D:13:     minmay_inner_zag, layout_basic, grunt_vaults_entry_fortified,
          uniq_erolcha
Temple:   hellmonk_temple_divided_pantheon
Lair:1:   layout_small_grid, lemuel_fruit_tree, grunt_megastairs_3
Lair:2:   layout_small_grid, minmay_snake_entry_guardpost_small,
          grunt_forest_small_clearings, uniq_harold
Lair:3:   layout_chaotic_city, minmay_swamp_entry_worms, gauntlet_entry_generic,
          uniq_amaemon
Lair:4:   lemuel_reptile_caves, layout_loops_ring, slime_entry_1,
          serial_bayou_shore_a
Lair:5:   hellmonk_lair_end_abyssal_woods, layout_gridlike,
          nicolae_volcano_entry_s_turn, uniq_snorg
Orc:1:    layout_caves, basic_altar, serial_shops
Orc:2:    st_orc_town, layout_caves

Skill      XL: |  1  2  3  4  5  6  7  8  9 10 11 12 13 14 |
---------------+-------------------------------------------+-----
Throwing       | 2 3 4 |  4.6
Shields        | 1 2 3 4 5 |  5.6
Fighting       | 3 4 5 6 7 8 10 11 | 11.4
Polearms       | 3 4 5 6 7 8 9 10 | 10.8
Stealth        | 1 2 3 4 5 |  5.7
Evocations     | 1 3 5 |  5.0
Invocations    | 2 5 7 8 9 |  9.0
Dodging        | 4 6 |  6.7
Necromancy     | 4 |  4.6
Spellcasting   | 5 |  5.4

Action                     |  1- 3 |  4- 6 |  7- 9 | 10-12 | 13-15 || total
---------------------------+-------+-------+-------+-------+-------++-------
  Melee: Trident           |   136 |   144 |   685 |   578 |       ||  1543
         Spear             |       |       |       |   569 |   508 ||  1077
  Throw: Throwing net      |       |       |     4 |       |     1 ||     5
         Dart              |       |       |     1 |     4 |     5 ||    10
         Javelin           |       |       |     1 |    12 |    20 ||    33
 Invoke: Heroism           |       |       |     1 |    25 |    18 ||    44
         Finesse           |       |       |       |     1 |       ||     1
  Evoke: Wand              |       |       |    21 |    15 |    10 ||    46
    Use: Scroll            |     1 |     6 |     5 |    21 |     3 ||    36
   Stab: Distracted        |     1 |       |     1 |       |       ||     2
         Sleeping          |       |    10 |     9 |    23 |       ||    42
         Paralysed         |       |       |    10 |    33 |     7 ||    50
         Invisible         |       |       |       |       |     2 ||     2
 Armour: Leather armour    |    40 |    14 |   124 |       |       ||   178
         Ring mail         |       |    30 |   212 |   353 |       ||   595
         Scale mail        |       |       |       |    36 |    93 ||   129
  Dodge: Dodged            |    86 |    54 |   299 |   526 |   221 ||  1186
         Repelled          |       |       |       |       |     1 ||     1
  Block: Buckler           |       |    26 |   441 |   623 |   266 ||  1356
         Reflection        |       |       |    13 |     6 |     9 ||    28

Table legend: (Time is in decaauts)
 A = Elapsed time spent in this place.
 B = Non-inter-level travel time spent in this place.
 C = Inter-level travel time spent in this place.
 D = Time resting spent in this place.
 E = Time spent auto-exploring this place.
 F = Levels seen in this place.
 G = Mean time per level.
                   A        B        C        D        E       F      G
               +--------+--------+--------+--------+--------+-----+--------+
         Total |  26167 |  24859 |   1308 |   5424 |  12984 |  24 | 1090.3 |
       Dungeon |  16126 |  15100 |   1026 |   3108 |   8339 |  13 | 1240.5 |
        Temple |     50 |     50 |      0 |      0 |      0 |   1 |   50.0 |
          Lair |   5873 |   5623 |    250 |   1287 |   3069 |   5 | 1174.6 |
  Orcish Mines |   1962 |   1931 |     31 |    321 |   1225 |   2 |  981.0 |
        Bailey |    678 |    678 |      0 |    309 |    224 |   1 |  678.0 |
       Volcano |    622 |    622 |      0 |    291 |     79 |   1 |  622.0 |
      Gauntlet |    853 |    853 |      0 |    108 |     47 |   1 |  853.0 |
               +--------+--------+--------+--------+--------+-----+--------+

Top non-repeatable levels by time:
  Lair:1: 2236 daAuts
     D:5: 2069 daAuts
     D:9: 1620 daAuts
  Lair:4: 1388 daAuts
    D:13: 1377 daAuts
    D:10: 1374 daAuts
    D:11: 1363 daAuts
     D:7: 1363 daAuts
   Orc:1: 1323 daAuts
     D:8: 1313 daAuts
  Lair:2: 1283 daAuts
     D:6: 1196 daAuts
     D:4: 1142 daAuts
    D:12: 973 daAuts
     D:3: 874 daAuts
